 Dungeon Crawl Stone Soup version 0.31-a0-1570-g93c622d222 (webtiles) character file.

Game seed: 8515642115159993661

59 innerfire43 the Chopper (level 3, 0/26 HPs)
             Began as a Demonspawn Wanderer on Jan 3, 2024.
             Slain by a gnoll
             ... wielding a +0 halberd
              (12 damage)
             ... on level 2 of the Dungeon.
             The game lasted 00:02:51 (1314 turns).

innerfire43 the Chopper (Demonspawn Wanderer)       Turns: 1314, Time: 00:02:52

Health: 0/26       AC:  5    Str: 10    XL:     3   Next: 78%
Magic:  3/3        EV: 13    Int: 11    God:
Gold:   65         SH:  0    Dex: 17    Spells: 3/3 levels left

rFire   . . .        a - +3 hand axe
rCold   . . .        (no shield)
rNeg    . . .        e - +0 leather armour
rPois   .            k - +1 hat
rElec   .            (no cloak)
rCorr   .            c - +0 pair of gloves
SInv    .            (no boots)
Will    .....        (no amulet)
Stlth   +            l - ring of wizardry
HPRegen 0.24/turn    (no ring)
MPRegen 0.08/turn

%: wizardry (x1)
@: no status effects
A: powered by pain 1
a: no special abilities


You were on level 2 of the Dungeon.
You visited 1 branch of the dungeon, and saw 2 of its levels.

You collected 65 gold pieces.

Inventory:

Hand Weapons
 a - a +3 hand axe (weapon)
Armour
 c - a +0 pair of gloves (worn)
 e - a +0 leather armour (worn)
 k - a +1 hat (worn)
Jewellery
 l - a ring of wizardry (left hand)
Scrolls
 d - 4 scrolls of fog
 g - a scroll of amnesia {unknown}
 i - 2 scrolls of identify {unknown}
 j - a scroll of teleportation {unknown}
 m - a scroll of silence {unknown}
Potions
 h - a potion of attraction {unknown}


   Skills:
 - Level 1.1 Fighting
 + Level 4.0 Axes
 - Level 1.7 Ranged Weapons
 + Level 3.9 Dodging
 * Level 0.6 Spellcasting
 * Level 1.0 Translocations
 * Level 0.7 Fire Magic


You had 3 spell levels left.
You didn't know any spells.
Your spell library contained the following spells:

 Spells                   Type           Power      Damage    Failure   Level
 Volatile Blastmotes      Fire/Tloc      4%         2d10      34%         3
 Iskenderun's Mystic Bla  Conj/Tloc      1%         2d3       78%         4
 Fulminant Prism          Conj/Alch      0%         3d5       86%         4


Dungeon Overview and Level Annotations

Branches:
Dungeon (2/15)

Altars:


Innate Abilities, Weirdness & Mutations

You sometimes gain a little power by taking damage.


Message History

You hit the orc.
The orc is moderately wounded.
The orc barely misses you.
An orc is nearby!
You hit the orc.
You kill the orc!
Your Axes skill increases to level 4!
A goblin comes into view. It is wielding a +0 club.
Things that are here:
a +0 club; a goblin corpse An orc and a gnoll come into view.
The orc shouts!
Things that are here:
a +0 dagger; a hobgoblin corpse; a hobgoblin corpse The orc hits you with a +0 flail.
The gnoll misses you.
You barely miss the gnoll. You hit the orc but do no damage.
You hit the goblin. The goblin closely misses you.
The gnoll hits you with a +0 halberd.
You closely miss the goblin.
The goblin is moderately wounded.
You barely miss the gnoll. You hit the orc but do no damage.
The orc hits you with a +0 flail! The gnoll closely misses you.
The goblin hits you with a +0 club.
* * * LOW HITPOINT WARNING * * *
You are too injured to fight recklessly!
You are too injured to fight recklessly!
It was a potion of curing.
You feel better. The orc barely misses you. The goblin closely misses you.
The gnoll closely misses you.
You feel better. The orc hits you with a +0 flail.
The goblin closely misses you. The gnoll closely misses you.
As you read the scroll labelled PUEKLAMUPIA, it crumbles to dust.
It is a scroll of enchant weapon.
Your +2 hand axe glows red for a moment.
The orc barely misses you. The goblin hits you but does no damage.
The gnoll closely misses you.
You hit the gnoll.
The gnoll is heavily wounded.
You closely miss the goblin. You hit the orc. The orc closely misses you.
The goblin hits you with a +0 club. The gnoll hits you with a +0 halberd!
You die...

##.###.... ##...##....
##.....#....
#...........
####...........
##...........##.
#########..###.....#.##.
........))...##.....)†..
######@####.##.#.......
#.ggo.# .##.#.##...#
#..#o.## #........##
#....## ..##.##.## ..#
..# . # ..## ##. ...#
###.# # .8.. ..## .##..
#.# #..


You could see a gnoll, 2 orcs and a goblin.

Vanquished Creatures
  2 adders (D:2)
  2 dart slugs (D:2)
  A ribbon worm (D:2)
  An orc (D:2)
  An endoplasm (D:1)
  6 hobgoblins
  4 jackals (D:2)
  2 ball pythons (D:2)
  A bat (D:2)
  A frilled lizard (D:2)
  5 goblins
  5 kobolds
  4 rats
35 creatures vanquished.

Notes
Turn   | Place    | Note
-------+----------+-------------------------------------------
     0 | D:1      | innerfire43 the Demonspawn Wanderer began the quest for the
                  | Orb.
     0 | D:1      | innerfire43 set off with the following items: a +2 hand
                  | axe, a +0 sling, a +0 pair of gloves, a scroll of fog, a +0
                  | leather armour.
     0 | D:1      | Reached XP level 1. HP: 13/13 MP: 1/1
   376 | D:1      | Gained mutation: You sometimes gain a little power by
                  | taking damage. [demonic ancestry]
   376 | D:1      | Reached XP level 2. HP: 14/20 MP: 2/2
   852 | D:2      | Reached skill level 1 in Fighting
   947 | D:2      | Reached XP level 3. HP: 26/26 MP: 3/3
  1299 | D:2      | Reached skill level 1 in Translocations
  1306 | D:2      | Reached skill level 4 in Axes
  1314 | D:2      | Slain by a gnoll

Illustrated notes

Levels and vault maps discovered:
D:1:      nicolae_arrival_somewhat_less_tricky_arrival, layout_basic
D:2:      layout_loops_cross, guppyfry_early_orc_mine

Skill      XL: |  1  2  3 |
---------------+----------+-----
Fighting       | 1 |  1.1
Translocations | 1 |  1.0
Axes           | 4 |  4.0
Ranged Weapons | |  1.7
Dodging        | |  3.9
Spellcasting   | |  0.6
Fire Magic     | |  0.7

Action                     || total
---------------------------++-------
  Melee: Hand axe          ||    89
    Use: Potion            ||     2
         Scroll            ||     1
   Stab: Sleeping          ||     1
 Armour: Leather armour    ||    43
  Dodge: Dodged            ||    73

Table legend: (Time is in decaauts)
 A = Elapsed time spent in this place.
 B = Non-inter-level travel time spent in this place.
 C = Inter-level travel time spent in this place.
 D = Time resting spent in this place.
 E = Time spent auto-exploring this place.
 F = Levels seen in this place.
 G = Mean time per level.
                   A        B        C        D        E       F      G
               +--------+--------+--------+--------+--------+-----+--------+
         Total |   1322 |   1322 |      0 |      0 |    943 |   2 |  661.0 |
       Dungeon |   1322 |   1322 |      0 |      0 |    943 |   2 |  661.0 |
               +--------+--------+--------+--------+--------+-----+--------+

Top non-repeatable levels by time:
     D:1: 832 daAuts
     D:2: 490 daAuts
